 Dungeon Crawl Stone Soup version 0.27-a0-40-g5f2be0e231 (webtiles) character file.

Game seed: 15970059124738819561

10024 willcat the Thaumaturge (level 11, -3/84 HPs)
             Began as a Gnoll Wanderer on Jan 5, 2021.
             Was an Initiate of Gozag.
             Killed from afar by a white imp (7 damage)
             ... with a puff of frost
             ... in an ice cave.
             The game lasted 00:23:05 (13465 turns).

willcat the Thaumaturge (Gnoll Wanderer)           Turns: 13465, Time: 00:23:05

Health: -3/84      AC: 13    Str: 16    XL:     11   Next: 55%
Magic:  0/24       EV: 17    Int: 25    God:    Gozag
Gold:   1197       SH: 11    Dex: 17    Spells: 12/29 levels left

rFire    . . .     SeeInvis .   b - +10 dagger "Agheghu" {speed, *Corrode +Blink Int+5 Dex+3}
rCold    . . .     Faith    .   N - +0 kite shield
rNeg     . . .     Spirit   +   e - +0 ring mail
rPois    .         Reflect  .   m - +2 helmet {Int+3}
rElec    .         Harm     .   v - scarf {+Inv}
rCorr    .         Rampage  .   C - +0 pair of gloves
Will     .....                  G - +1 pair of boots
Stlth    +++.......             B - amulet of guardian spirit
HPRegen  0.24/turn              M - +4 ring of evasion
MPRegen  0.19/turn              g - ring of wizardry

@: no status effects
A: distributed training, fangs 1, strong nose
a: Renounce Religion, Evoke Blink, Evoke Invisibility, Potion Petition, Call
Merchant, Bribe Branch


You were in an ice cave.
You worshipped Gozag.
Gozag was most pleased with you.
You visited 1 branch of the dungeon, and saw 11 of its levels.
You also visited: Ice Cave.

You collected 2345 gold pieces.
You spent 483 gold pieces at shops.
You paid 665 gold pieces to Gozag.

Inventory:

Hand Weapons
 b - the +10 dagger "Agheghu" (weapon) {speed, *Corrode +Blink Int+5 Dex+3}
   (You bought it in a shop on level 4 of the Dungeon)

   Attacks with this weapon are significantly faster.
   It affects your intelligence (+5).
   It affects your dexterity (+3).
   It lets you blink.
   It may corrode you when you take damage.
 h - the +10 short sword "Fiuriut" {antimagic, *Slow Str+3 SInv Stlth+}
   (You bought it in a shop on level 4 of the Dungeon)

   It reduces the magical energy of the wielder, and disrupts the spells and
   magical abilities of those hit.
   Natural abilities and divine invocations are not affected.
   It affects your strength (+3).
   It lets you see invisible.
   It may slow you when you take damage.
   It makes you more stealthy.
 F - the +5 falchion of Grontol {protect, rC+ MP+9}
   (You bought it in a shop on level 4 of the Dungeon)

   It grants its wielder temporary protection when it strikes (+7 to AC).
   It protects you from cold.
   It affects your magic capacity (+9).
 P - a +0 demon whip
Missiles
 I - 72 arrows
Armour
 e - a +0 ring mail (worn)
 m - a +2 helmet of intelligence (worn)
 v - a scarf of invisibility (worn)
 C - a +0 pair of gloves (worn)
 G - a +1 pair of boots (worn)
 N - a +0 kite shield (worn)
Jewellery
 g - a ring of wizardry (right hand)
 r - an uncursed ring of protection from fire
 u - a +6 ring of dexterity
 B - an amulet of guardian spirit (around neck)
 M - a +4 ring of evasion (left hand)
Wands
 n - a wand of random effects (27)
Scrolls
 c - a scroll of enchant weapon {unknown}
 d - 4 scrolls of teleportation
 i - 5 scrolls of remove curse
 k - 2 scrolls of random uselessness {unknown}
 o - a scroll of immolation {unknown}
 p - a scroll of enchant armour {unknown}
 q - a scroll of magic mapping
 s - 2 scrolls of noise {unknown}
 t - 5 scrolls of fog
 y - a scroll of fear
 D - 4 scrolls of amnesia
 E - a scroll of vulnerability
 J - 3 scrolls of silence
 L - a scroll of blinking
Potions
 a - a potion of resistance {unknown}
 f - 2 potions of attraction
 j - 3 potions of curing
 l - a potion of cancellation
 w - a potion of degeneration {unknown}
 x - 2 potions of heal wounds {unknown}
 z - a potion of might {unknown}
 A - 2 potions of magic
 H - 2 potions of mutation {unknown}
 K - 2 potions of flight
 O - a potion of invisibility {unknown}


   Skills:
 + Level 7.0 Fighting
 + Level 6.4 Short Blades
 + Level 6.4 Long Blades
 + Level 7.0 Axes
 + Level 6.4 Maces & Flails
 + Level 6.4 Polearms
 + Level 6.4 Staves
 + Level 6.4 Slings
 + Level 6.4 Bows
 + Level 6.4 Crossbows
 + Level 7.0 Throwing
 + Level 7.0 Armour
 + Level 6.4 Dodging
 + Level 6.4 Stealth
 + Level 7.0 Shields
 + Level 6.4 Unarmed Combat
 + Level 9.6 Spellcasting
 + Level 5.3 Conjurations
 + Level 5.3 Hexes
 + Level 5.3 Summonings
 + Level 5.3 Necromancy
 + Level 5.3 Translocations
 + Level 5.3 Transmutations
 + Level 5.3 Fire Magic
 + Level 6.6 Ice Magic
 + Level 5.3 Air Magic
 + Level 5.3 Earth Magic
 + Level 5.3 Poison Magic
 + Level 7.0 Invocations
 + Level 6.4 Evocations


You had 12 spell levels left.
You knew the following spells:

 Your Spells              Type           Power        Failure   Level
a - Magic Dart            Conj           100%         1%          1
b - Blink                 Tloc           N/A          1%          2
c - Mephitic Cloud        Conj/Pois/Air  38%          3%          3
d - Petrify               Tmut/Erth      38%          12%         4
e - Summon Ice Beast      Ice/Summ       42%          9%          4
f - Conjure Flame         Conj/Fire      38%          3%          3

Your spell library contained the following spells:

 Spells                   Type           Power        Failure   Level
 Corona                   Hex            42%          1%          1
 Summon Small Mammal      Summ           100%         1%          1
 Call Imp                 Summ           38%          1%          2
 Ensorcelled Hibernation  Hex/Ice        84%          1%          2
 Slow                     Hex            38%          1%          2
 Call Canine Familiar     Summ           38%          3%          3
 Confusing Touch          Hex            38%          3%          3
 Dazzling Flash           Conj/Hex       76%          3%          3
 Gell's Gravitas          Tloc           19%          3%          3
 Summon Guardian Golem    Hex/Summ       38%          3%          3
 Tukima's Dance           Hex            38%          3%          3
 Summon Lightning Spire   Summ/Air       38%          12%         4
 Metabolic Englaciation   Hex/Ice        21%          24%         5
 Yara's Violent Unravell  Hex/Tmut       19%          30%         5


Dungeon Overview and Level Annotations

Branches:
Dungeon (11/15)            Temple (0/1) D:5            Lair (0/6) D:11
    Orc (0/2) D:11          IceCv (1/1)

Altars:
Dithmenos
Gozag
Kikubaaqudgha
Okawaru
Qazlal
Sif Muna
Xom
Yredelemnul

Shops:
D:4 (


Innate Abilities, Weirdness & Mutations

Your experience applies equally to all skills.
You have very sharp teeth.
Your uncanny sense of smell can sniff out nearby items.


Message History

The white imp disappears for a moment.
The white imp hits you but does no damage.
The white imp gestures at you. The puff of frost misses you.
You block the draconian simulacrum's attack.
The white imp gestures at you. The puff of frost hits you!
* * * LOW HITPOINT WARNING * * *
The white imp puffs mist at you.
You open the door. You block the white imp's attack.
The draconian simulacrum hits you.
* * * LOW HITPOINT WARNING * * *
The draconian simulacrum freezes you!!
* * * LOW HITPOINT WARNING * * *
Found a dagger, a wand of iceblast (8) and a wand of iceblast (3).
Unknown command.
The white imp gestures at you. The puff of frost hits you!
You die...
Your body crumbles into a pile of gold.

##.W...## ∆
#..###Y.#
#...Z##..
###.5.##.
######5...####
###8...8.Z.##
####ZZZ...5..##
##
#/#.5W.5......#
##.
#)@.ZZW.5....##
#..
#/#.5.Z._....#
#..
####...Z.....#
#.. ##.8...8.##
##. #########
##


You could see 2 freezing wraiths, 4 white imps, a naga simulacrum, a troll
simulacrum and 5 draconian simulacra.

Vanquished Creatures
  2 two-headed ogres (D:10)
  2 tengu warriors
  A centaur zombie (D:9)
  6 freezing wraiths (IceCv)
  A troll (D:9)
  The ghost of Morgoth the Cudgeller, an amateur TeWr of Vehumet (D:4)
  A wraith (D:10)
  A death yak simulacrum (IceCv)
  8 ice beasts
  4 orc warriors
  A necrophage (D:10)
  7 ogres
  3 phantoms
  A centaur (D:9)
  A big kobold (D:9)
  4 bullfrogs
  A gnoll sergeant (D:10)
  4 scorpions
  A wyvern skeleton (D:7)
  An elephant simulacrum (IceCv)
  A troll zombie (D:10)
  11 killer bees (D:8)
  3 howler monkeys
  3 wights (D:10)
  A bullfrog zombie (D:7)
  5 hounds
  3 jellies
  A quasit (D:6)
  2 human zombies (D:10)
  3 orc priests
  A bullfrog skeleton (D:10)
  Ijyb (D:3)
  Terence (D:2)
  3 iguanas
  6 orc wizards
  10 worker ants
  A wolf simulacrum (IceCv)
  A killer bee zombie (D:7)
  An ogre zombie (D:10)
  A hound zombie (D:6)
  A hound skeleton (D:11)
  3 mummies (D:10)
  Robin (D:2)
  11 gnolls
  7 adders
  A shadow imp (D:6)
  10 white imps
  2 ufetubi
  2 oozes
  5 worms
  A dart slug (D:2)
  4 leopard geckos
  35 orcs
  9 bats
  6 giant cockroaches
  20 goblins
  15 hobgoblins
  5 jackals
  A quokka (D:3)
  2 ball pythons (D:2)
  4 frilled lizards
  18 kobolds
  2 leopard gecko zombies
  6 rats
281 creatures vanquished.

Vanquished Creatures (collateral kills)
  A wraith (D:10)
  A nameless horror (IceCv)
  An elephant simulacrum (IceCv)
  A white imp (IceCv)
4 creatures vanquished.

Grand Total: 285 creatures vanquished

Notes
Turn   | Place    | Note
-------+----------+-------------------------------------------
     0 | D:1      | willcat the Gnoll Wanderer began the quest for the Orb.
     0 | D:1      | willcat set off with the following items: a +0 shortbow, 22
                  | arrows, a scroll of teleportation, a +0 robe; and the
                  | following spell memorised: Magic Dart; and the following
                  | spells available to memorise: Blink, Call Imp, Slow,
                  | Conjure Flame, Mephitic Cloud
     0 | D:1      | Reached XP level 1. HP: 17/17 MP: 8/8
   155 | D:1      | Reached XP level 2. HP: 23/23 MP: 3/10
   632 | D:1      | Reached XP level 3. HP: 28/28 MP: 11/11
  1159 | D:1      | Reached skill level 1 in Invocations
  1331 | D:2      | Reached skill level 1 in Short Blades
  1331 | D:2      | Reached skill level 1 in Long Blades
  1331 | D:2      | Reached skill level 1 in Maces & Flails
  1331 | D:2      | Reached skill level 1 in Polearms
  1331 | D:2      | Reached skill level 1 in Staves
  1331 | D:2      | Reached skill level 1 in Slings
  1331 | D:2      | Reached skill level 1 in Bows
  1331 | D:2      | Reached skill level 1 in Crossbows
  1331 | D:2      | Reached skill level 1 in Dodging
  1331 | D:2      | Reached skill level 1 in Stealth
  1331 | D:2      | Reached skill level 1 in Unarmed Combat
  1331 | D:2      | Reached skill level 1 in Evocations
  1444 | D:2      | Reached XP level 4. HP: 32/34 MP: 13/13
  1678 | D:2      | Noticed Terence
  1679 | D:2      | Reached skill level 1 in Conjurations
  1679 | D:2      | Reached skill level 1 in Hexes
  1679 | D:2      | Reached skill level 1 in Summonings
  1679 | D:2      | Reached skill level 1 in Necromancy
  1679 | D:2      | Reached skill level 1 in Translocations
  1679 | D:2      | Reached skill level 1 in Transmutations
  1679 | D:2      | Reached skill level 1 in Fire Magic
  1679 | D:2      | Reached skill level 1 in Air Magic
  1679 | D:2      | Reached skill level 1 in Earth Magic
  1679 | D:2      | Reached skill level 1 in Poison Magic
  2044 | D:2      | Killed Terence
  2045 | D:2      | Reached XP level 5. HP: 29/40 MP: 14/14
  2192 | D:2      | Noticed Robin
  2413 | D:2      | HP: 2/41 [goblin/sling bullet[Robin] (5)]
  3100 | D:2      | Learned a level 2 spell: Blink
  3104 | D:2      | Learned a level 3 spell: Mephitic Cloud
  3108 | D:2      | Killed Robin
  3132 | D:2      | Learned a level 4 spell: Petrify
  3145 | D:2      | Found an iron altar of Okawaru.
  3219 | D:3      | Noticed Ijyb
  3237 | D:3      | Killed Ijyb
  3266 | D:3      | Found a faded altar of an unknown god.
  3345 | D:3      | Noticed an ice beast
  3699 | D:3      | Reached XP level 6. HP: 47/47 MP: 16/16
  4286 | D:3      | Found an opulent altar of Gozag.
  4290 | D:3      | Found a shimmering blue altar of Sif Muna.
  4291 | D:3      | Found a shimmering altar of Xom.
  4311 | D:3      | Became a worshipper of Gozag Ym Sagoz the Greedy
  4319 | D:3      | Found a basalt altar of Yredelemnul.
  4374 | D:4      | Found a runed translucent gate.
  4374 | D:4      | Found a runed translucent gate.
  4531 | D:4      | Got a creamy pearl robe
  4546 | D:4      | Identified the cursed +0 robe of Dupiojef {-Tele Int+4
                  | SInv} (You found it on level 4 of the Dungeon)
  4689 | D:4      | Reached XP level 7. HP: 49/52 MP: 18/18
  4970 | D:4      | Found Gupudgh's Antique Weapon Boutique.
  5027 | D:4      | Found a runed translucent gate.
  5029 | D:4      | Noticed Morgoth's ghost (amateur TeWr)
  5141 | D:5      | Entered Level 5 of the Dungeon
  5838 | D:5      | Found a staircase to the Ecumenical Temple.
  6155 | D:6      | Reached XP level 8. HP: 26/60 MP: 15/19
  6826 | D:4      | Bought a crystal short sword for 168 gold pieces
  6826 | D:4      | Bought a glimmering falchion for 168 gold pieces
  6826 | D:4      | Identified the +10 short sword "Fiuriut" {antimagic, *Slow
                  | Str+3 SInv Stlth+} (You bought it in a shop on level 4 of
                  | the Dungeon)
  6827 | D:4      | Identified the +5 falchion of Grontol {protect, rC+ MP+9}
                  | (You bought it in a shop on level 4 of the Dungeon)
  6833 | D:4      | Bought a transparent dagger for 147 gold pieces
  6833 | D:4      | Identified the +10 dagger "Agheghu" {speed, *Corrode +Blink
                  | Int+5 Dex+3} (You bought it in a shop on level 4 of the
                  | Dungeon)
  6967 | D:4      | Killed Morgoth's ghost
  6968 | D:4      | Reached skill level 8 in Spellcasting
  7193 | D:7      | Reached skill level 5 in Ice Magic
  7193 | D:7      | Reached XP level 9. HP: 59/66 MP: 18/21
  7427 | D:7      | Found a stormy altar of Qazlal.
  7465 | D:7      | You fall into a shaft and drop 1 floor!
  7619 | D:7      | Reached skill level 5 in Fighting
  7619 | D:7      | Reached skill level 5 in Axes
  7619 | D:7      | Reached skill level 5 in Throwing
  7619 | D:7      | Reached skill level 5 in Armour
  7619 | D:7      | Reached skill level 5 in Shields
  8384 | D:8      | Found a shadowy altar of Dithmenos.
  8394 | D:8      | Reached skill level 5 in Invocations
  8624 | D:8      | Reached XP level 10. HP: 56/74 MP: 20/22
  8868 | D:8      | Learned a level 4 spell: Summon Ice Beast
  9457 | D:9      | Reached skill level 5 in Short Blades
  9457 | D:9      | Reached skill level 5 in Long Blades
  9457 | D:9      | Reached skill level 5 in Maces & Flails
  9457 | D:9      | Reached skill level 5 in Polearms
  9457 | D:9      | Reached skill level 5 in Staves
  9457 | D:9      | Reached skill level 5 in Slings
  9457 | D:9      | Reached skill level 5 in Bows
  9457 | D:9      | Reached skill level 5 in Crossbows
  9457 | D:9      | Reached skill level 5 in Dodging
  9457 | D:9      | Reached skill level 5 in Stealth
  9457 | D:9      | Reached skill level 5 in Unarmed Combat
  9457 | D:9      | Reached skill level 5 in Evocations
 10190 | D:9      | Reached skill level 9 in Spellcasting
 10315 | D:10     | Entered Level 10 of the Dungeon
 10609 | D:10     | Noticed a two-headed ogre
 10631 | D:10     | Killed a two-headed ogre
 10708 | D:10     | Noticed a tengu warrior
 10721 | D:10     | Noticed a tengu warrior
 10786 | D:9      | Killed a tengu warrior
 10906 | D:10     | Killed a tengu warrior
 10907 | D:10     | Reached XP level 11. HP: 45/83 MP: 0/24
 11241 | D:10     | Noticed a two-headed ogre
 11245 | D:10     | Killed a two-headed ogre
 11413 | D:10     | Reached skill level 5 in Conjurations
 11413 | D:10     | Reached skill level 5 in Hexes
 11413 | D:10     | Reached skill level 5 in Summonings
 11413 | D:10     | Reached skill level 5 in Necromancy
 11413 | D:10     | Reached skill level 5 in Translocations
 11413 | D:10     | Reached skill level 5 in Transmutations
 11413 | D:10     | Reached skill level 5 in Fire Magic
 11413 | D:10     | Reached skill level 5 in Air Magic
 11413 | D:10     | Reached skill level 5 in Earth Magic
 11413 | D:10     | Reached skill level 5 in Poison Magic
 11494 | D:10     | Found an ancient bone altar of Kikubaaqudgha.
 11864 | D:11     | Found a frozen archway.
 11882 | IceCv    | Entered an ice cave
 12354 | IceCv    | Learned a level 3 spell: Conjure Flame
 13451 | IceCv    | Found an ancient bone altar of Kikubaaqudgha.
 13464 | IceCv    | HP: 4/84 [draconian simulacrum (14)]
 13465 | IceCv    | Killed from afar by a white imp

Illustrated notes

Levels and vault maps discovered:
D:1:      dpeg_arrival_arbitrary_b, layout_basic, serial_bayou_pond_b
D:2:      layout_basic, okawaru_gym_becter, uniq_robin, uniq_terence
D:3:      layout_loops_ring, minitemple, chequers_ecumenical_altar_simple_redux,
          minmay_misc_feat_iff, uniq_ijyb
D:4:      layout_cave_pools, gammafunk_ghost_split, serial_shops,
          kennysheep_little_box
D:5:      layout_loops_ring, minmay_temple_entry_trees
D:6:      layout_basic
D:7:      layout_rooms, nicolae_qazlal_style_of_elements
D:8:      layout_basic, nicolae_dithmenos_the_darkroom
D:9:      minmay_goldmine, layout_cave_pools, kennysheep_generic_room_6
D:10:     layout_long_grid, eino_small_chamber_without_monster,
          lemuel_mausoleum_altar_kikubaaqudgha
D:11:     layout_loops_corners, david_lair_generic,
          portal_ice_cave_entry_pillars_2, uniq_psyche
IceCv:    ice_cave_small_necro

Skill      XL: |  1  2  3  4  5  6  7  8  9 10 11 |
---------------+----------------------------------+-----
Invocations    | 1 2 3 4 5 6 7 |  7.0
Short Blades   | 1 2 3 4 5 6 |  6.4
Long Blades    | 1 2 3 4 5 6 |  6.4
Maces & Flails | 1 2 3 4 5 6 |  6.4
Polearms       | 1 2 3 4 5 6 |  6.4
Staves         | 1 2 3 4 5 6 |  6.4
Slings         | 1 2 3 4 5 6 |  6.4
Bows           | 1 2 3 4 5 6 |  6.4
Crossbows      | 1 2 3 4 5 6 |  6.4
Dodging        | 1 2 3 4 5 6 |  6.4
Stealth        | 1 2 3 4 5 6 |  6.4
Unarmed Combat | 1 2 3 4 5 6 |  6.4
Evocations     | 1 2 3 4 5 6 |  6.4
Conjurations   | 1 2 3 4 5 |  5.3
Hexes          | 1 2 3 4 5 |  5.3
Summonings     | 1 2 3 4 5 |  5.3
Necromancy     | 1 2 3 4 5 |  5.3
Translocations | 1 2 3 4 5 |  5.3
Transmutations | 1 2 3 4 5 |  5.3
Fire Magic     | 1 2 3 4 5 |  5.3
Air Magic      | 1 2 3 4 5 |  5.3
Earth Magic    | 1 2 3 4 5 |  5.3
Poison Magic   | 1 2 3 4 5 |  5.3
Fighting       | 3 4 5 6 7 |  7.0
Axes           | 3 4 5 6 7 |  7.0
Throwing       | 3 4 5 6 7 |  7.0
Armour         | 3 4 5 6 7 |  7.0
Shields        | 3 4 5 6 7 |  7.0
Ice Magic      | 4 5 6 |  6.6
Spellcasting   | 8 9 |  9.6

Action                   |  1- 3 |  4- 6 |  7- 9 | 10-12 || total
-------------------------+-------+-------+-------+-------++-------
Melee: Dagger            |    66 |   226 |   317 |   431 ||  1040
       Bite              |     8 |    20 |    48 |    73 ||   149
       Punch             |       |     1 |     8 |    14 ||    23
 Fire: Shortbow          |    10 |       |       |       ||    10
 Cast: Magic Dart        |    26 |     5 |    30 |    17 ||    78
       Mephitic Cloud    |       |     1 |     1 |     2 ||     4
       Petrify           |       |       |       |    10 ||    10
       Summon Ice Beast  |       |       |       |    30 ||    30
       Conjure Flame     |       |       |       |    10 ||    10
Invok: Potion Petition   |       |       |       |     1 ||     1
Evoke: Wand              |       |       |       |     4 ||     4
  Use: Potion            |       |     2 |       |       ||     2
       Scroll            |       |     2 |     6 |     7 ||    15
 Stab: Sleeping          |     2 |     6 |     9 |    12 ||    29
       Confused          |       |     1 |     1 |     3 ||     5
       Distracted        |       |       |     3 |     1 ||     4
       Petrified         |       |       |       |     5 ||     5
       Petrifying        |       |       |       |     1 ||     1
Armor: Robe              |    16 |     3 |       |       ||    19
       Leather armour    |       |     2 |       |       ||     2
       Ring mail         |       |    66 |    62 |    68 ||   196
Dodge: Dodged            |    49 |   151 |   129 |   173 ||   502
Block: Kite shield       |       |       |       |    83 ||    83

Table legend: (Time is in decaauts)
 A = Elapsed time spent in this place.
 B = Non-inter-level travel time spent in this place.
 C = Inter-level travel time spent in this place.
 D = Time resting spent in this place.
 E = Time spent auto-exploring this place.
 F = Levels seen in this place.
 G = Mean time per level.
                   A        B        C        D        E       F      G
               +--------+--------+--------+--------+--------+-----+--------+
         Total |  13150 |  12717 |    433 |   2917 |   7019 |  12 | 1095.8 |
       Dungeon |  11621 |  11188 |    433 |   1906 |   6977 |  11 | 1056.5 |
      Ice Cave |   1528 |   1528 |      0 |   1011 |     42 |   1 | 1528.0 |
               +--------+--------+--------+--------+--------+-----+--------+

Top non-repeatable levels by time:
     D:1: 2087 daAuts
   IceCv: 1528 daAuts
     D:9: 1425 daAuts
     D:2: 1350 daAuts
    D:10: 1302 daAuts
     D:8: 1248 daAuts
     D:5: 1129 daAuts
     D:4: 1015 daAuts
     D:3: 914 daAuts
     D:7: 547 daAuts
     D:6: 539 daAuts
    D:11: 60 daAuts
